 Dungeon Sprint DCSS version 0.27-a0-1140-g099f9bb0e8 (webtiles) character file.

Game seed: 11799195561256048790

1210 Zeld the Zephyrmancer (level 8, 0/57 HPs)
             Began as an Octopode Air Elementalist on May 9, 2021.
             Was a High Priest of Sif Muna.
             Slain by an adder (3 damage)
             ... in the Dungeon (Sprint V: "Ziggurat Sprint").
             The game lasted 00:03:58 (1116 turns).

Zeld the Zephyrmancer (Octopode Air Elementalist)   Turns: 1116, Time: 00:03:59

Health: 0/57       AC:  1    Str:  8    XL:     8   Next: 45%
Magic:  7/18       EV: 15    Int: 31    God:    Sif Muna [*****.]
Gold:   0          SH:  0    Dex: 12    Spells: 3/21 levels left

rFire    + . .     SeeInvis .   x - staff of air
rCold    . . .     Faith    .   (no shield)
rNeg     . . .     Spirit   .   (helmet restricted)
rPois    .         Reflect  .   C - amulet "Cucel" {RegenMP Regen+}
rElec    +         Harm     .   t - +6 ring of intelligence
rCorr    .         Rampage  .   u - +6 ring of intelligence
Will     .....     NoTele   +   z - ring of protection from fire
Stlth    +++.......             (no ring)
HPRegen  1.19/turn              (no ring)
MPRegen  0.41/turn              (no ring)
                                (no ring)
                                (no ring)

@: lethally poisoned (0 -> -3), channeling, very slightly contaminated
A: almost no armour, amphibious, 8 rings, camouflage 1, gelatinous body 1,
(nimble swimmer 1), tentacles
a: Renounce Religion, Channel Magic, Forget Spell, Divine Exegesis


You were in the Dungeon.
You worshipped Sif Muna.
Sif Muna was extremely pleased with you.
You visited 1 branch

Inventory:

Armour
 a - a +3 tower shield
Magical Staves
 x - a staff of air (weapon)
Jewellery
 t - a +6 ring of intelligence (left tentacle)
 u - a +6 ring of intelligence (right tentacle)
 z - a ring of protection from fire (on tentacle)
 C - the amulet "Cucel" (around mantle) {RegenMP Regen+}
   (You found it in the Dungeon)

   [amulet of magic regeneration]

   It increases your rate of magic regeneration.
   It increases your rate of health regeneration.
Wands
 q - a wand of mindburst (7)
 s - a wand of acid (7)
Scrolls
 g - 3 scrolls of blinking
 k - 4 scrolls of amnesia
 m - 7 scrolls of fog
 n - a scroll of holy word
 o - 5 scrolls of identify
 p - 2 scrolls of fear
Potions
 b - 10 potions of curing
 c - 10 potions of heal wounds
 d - 10 potions of haste
 e - 7 potions of magic
 f - 3 potions of berserk rage
 h - 2 potions of brilliance
 i - 2 potions of invisibility
 j - 4 potions of resistance
 l - 5 potions of might
Miscellaneous
 r - a phantom mirror
 v - a lightning rod (4/4)
 w - a box of beasts
 y - a piece from Xom's chessboard (15/15)


   Skills:
 + Level 6.2 Fighting
 + Level 6.7 Dodging
 - Level 2.6 Stealth
 + Level 7.2 Spellcasting
 - Level 1.0 Conjurations
 * Level 11.2 Air Magic
 * Level 9.7 Invocations


You had 3 spell levels left.
You knew the following spells:

 Your Spells              Type           Power      Damage    Failure   Level
a - Shock                 Conj/Air       100%       1d9       1%          1
b - Static Discharge      Conj/Air       65%        N/A       1%          2
c - Airstrike             Air            44%        N/A       1%          4
d - Lightning Bolt        Conj/Air       32%        1d50      10%         5
e - Conjure Ball Lightni  Conj/Air       32%        3x3d10    47%         6

Your spell library contained the following spells:

 Spells                   Type           Power      Damage    Failure   Level
 Swiftness                Air            89%        N/A       1%          3
 Foxfire                  Conj/Fire      56%        2x1d6     3%          1
 Animate Skeleton         Necr           22%        N/A       4%          1
 Pain                     Necr           44%        1d6       4%          1
 Stone Arrow              Conj/Erth      28%        3d8       11%         3
 Vampiric Draining        Necr           5%         2d6       13%         3
 Animate Dead             Necr           5%         N/A       41%         4
 Cause Fear               Hex            5%         N/A       41%         4
 Fireball                 Conj/Fire      7%         3d5       69%         5
 Bolt of Magma            Conj/Fire/Erth 6%         4d6       71%         5
 Agony                    Necr           11%        N/A       77%         5
 Starburst                Conj/Fire      7%         8x6d4     99%         6
 Dragon Form              Tmut           5%         N/A       100%        7
 Dragon's Call            Summ           5%         N/A       100%        9


Dungeon Overview and Level Annotations

Branches:
Dungeon (1/1)

Altars:
Ashenzari
Cheibriados
Dithmenos
Elyvilon
Fedhas
Gozag
Hepliaklqana
Kikubaaqudgha
Makhleb
Nemelex Xobeh
Okawaru
Qazlal
Ru
Sif Muna
Trog
Uskayaw
Vehumet
Wu Jian
Xom
Yredelemnul
Zin
The Shining One
Beogh
Jiyva
Lugonu

Annotations:
D 1 transporter


Innate Abilities, Weirdness & Mutations

You cannot wear most types of armour.
You are amphibious.
You can wear up to eight rings at the same time.
Your skin changes colour to match your surroundings (Stealth+).
Your rubbery body absorbs attacks. (AC +1, EV +1)
((You are camouflaged near water. (Stealth+)))
You have tentacles for arms and can constrict up to eight enemies at once.


Message History

Casting: Lightning Bolt (quite dangerous; 10% risk of failure)
Confirm with . or Enter, or press ? or * to list all spells.
The spell is quite dangerous to cast (10% risk of failure)!
Continue anyway?
Aiming: Lightning Bolt (quite dangerous; 10% risk of failure)
Press: ? - help, Shift-Dir - straight line, f/p - naga mage
Aim: a naga mage, wielding a +0 flail, wearing a +0 robe and wearing a ring of fire (fast, 64% to hit)
You feel a surge of power!
You hear a mighty clap of thunder!
The bolt of lightning misses the black mamba.
The bolt of lightning hits the ball python!!
You kill the ball python!
Sif Muna accepts your kill.
The bolt of lightning hits the ball python!!
You kill the ball python!
Sif Muna accepts your kill.
The bolt of lightning hits the naga mage!!!
The naga mage is almost dead.
The black mamba closely misses you. The black mamba bites you!!
You are poisoned.
The black mamba poisons you! The adder bites you.
Unknown command.
Unknown command.
Casting: Lightning Bolt (quite dangerous; 10% risk of failure)
Confirm with . or Enter, or press ? or * to list all spells.
The spell is quite dangerous to cast (10% risk of failure)!
Continue anyway?
Aiming: Lightning Bolt (quite dangerous; 10% risk of failure)
Press: ? - help, Shift-Dir - straight line, f/p - naga mage
Aim: a naga mage, wielding a +0 flail, wearing a +0 robe and wearing a ring of fire (almost dead, fast, 64% to hit)
You feel a surge of power!
You hear a mighty clap of thunder!
The bolt of lightning hits the black mamba!
The black mamba is lightly wounded.
The bolt of lightning hits the naga mage!!
You kill the naga mage!
Sif Muna accepts your kill.
You feel very sick. The black mamba bites you!
* * * LOW HITPOINT WARNING * * *
The adder bites you.
You die...

▓..8©8..▓
▓..="=..▓
▓...:[..▓
▓.......▓
▓...)...▓
▓.......▓
▓.......▓
▓.▓SSS▓.▓
▓...@...▓
▓▓▓▓▓▓▓▓▓


You could see a black mamba and 2 adders.

Vanquished Creatures
  A naga mage (D)
  3 nagas (D)
  4 hell hounds (D)
  2 black bears (D)
  A wolf (D)
  2 crimson imps (D)
  2 orc priests (D)
  2 orc wizards (D)
  An adder (D)
  A white imp (D)
  An ufetubus (D)
  An adder zombie (D)
  An orc (D)
  4 ball pythons (D)
  A ball python zombie (D)
27 creatures vanquished.

Notes
Turn   | Place    | Note
-------+----------+-------------------------------------------
     0 | D        | Zeld the Octopode Air Elementalist began the quest for the
                  | Orb.
     0 | D        | Reached XP level 1. HP: 11/11 MP: 3/3
     1 | D        | Found a blossoming altar of Fedhas.
     2 | D        | Found the +6 Majin-Bo {vamp, MP+6 Int+6}
     2 | D        | Found the +9 heavy crossbow "Sniper" {vorpal, Acc+∞ SInv}
     2 | D        | Found the +10 dark maul {vorpal}
     2 | D        | Found the +15 Maxwell's patent armour {-Cast -Tele rElec
                  | Will+ rCorr}
     2 | D        | Found the +18 shield of the Gong {rElec rN+ Will+ EV-5}
     2 | D        | Found the +14 obsidian axe {vorpal, Drain Fly SInv}
     2 | D        | Found the +7 great mace "Firestarter" {inner flame, rF++}
     2 | D        | Found the +6 shillelagh "Devastator" {shatter}
     2 | D        | Found the +11 plutonium sword {Contam Stlth-}
     2 | D        | Found the +8 lance "Wyrmbane" {slay drac, rPois rF+ rC+
                  | AC+3}
     2 | D        | Found the +9 sword of Zonguldrok {reap}
     2 | D        | Found the +13 scythe of Curses {drain, Drain}
     2 | D        | Found the +5 sword of Power {vorpal}
     2 | D        | Found the +7 mace of Variability {chain chaos}
     2 | D        | Found the +7 Singing Sword {vorpal, sonic wave}
     2 | D        | Found the +8 storm bow {elec, penet}
     6 | D        | Found a shimmering blue altar of Sif Muna.
     6 | D        | Found a sacrificial altar of Ru.
     6 | D        | Found a bloodstained altar of Trog.
     6 | D        | Found a stormy altar of Qazlal.
     6 | D        | Found an iron altar of Okawaru.
     6 | D        | Found a sparkling altar of Nemelex Xobeh.
     8 | D        | Reached skill level 6 in Air Magic
     8 | D        | Reached XP level 2. HP: 17/17 MP: 4/7
    10 | D        | Banished a spatial maelstrom
    12 | D        | Learned a level 2 spell: Static Discharge
    12 | D        | Found a transporter.
    12 | D        | Found an ancient bone altar of Kikubaaqudgha.
    12 | D        | Found a viscous altar of Jiyva.
    12 | D        | Found a corrupted altar of Lugonu.
    12 | D        | Found a hazy altar of Hepliaklqana.
    12 | D        | Found a burning altar of Makhleb.
    12 | D        | Found an opulent altar of Gozag.
    31 | D        | Became a worshipper of Sif Muna the Loreminder
    56 | D        | Entered arena 2.
    56 | D        | Noticed a crimson imp
    56 | D        | Noticed a crimson imp
    56 | D        | Found a transporter.
    57 | D        | Killed a crimson imp
    57 | D        | Killed a crimson imp
    58 | D        | Reached skill level 1 in Fighting
    58 | D        | Reached skill level 7 in Air Magic
    58 | D        | Reached XP level 3. HP: 24/24 MP: 9/9
    58 | D        | Reached XP level 4. HP: 29/29 MP: 10/10
    63 | D        | Learned a level 4 spell: Airstrike
   276 | D        | Entered arena 3.
   276 | D        | Noticed a black bear
   276 | D        | Noticed a wolf
   276 | D        | Noticed a black bear
   276 | D        | Found a transporter.
   278 | D        | Killed a wolf
   278 | D        | Reached * piety under Sif Muna
   279 | D        | Reached skill level 5 in Spellcasting
   279 | D        | Reached skill level 8 in Air Magic
   279 | D        | Reached XP level 5. HP: 36/36 MP: 10/12
   279 | D        | Killed a black bear
   280 | D        | Reached skill level 5 in Invocations
   280 | D        | Reached XP level 6. HP: 42/42 MP: 10/14
   282 | D        | Killed a black bear
   283 | D        | Reached skill level 9 in Air Magic
   289 | D        | Learned a level 5 spell: Lightning Bolt
   367 | D        | Entered arena 4.
   367 | D        | Noticed a hell hound
   367 | D        | Noticed a hell hound
   367 | D        | Noticed a hell hound
   367 | D        | Found a transporter.
   368 | D        | Reached ** piety under Sif Muna
   373 | D        | Killed a hell hound
   374 | D        | Reached skill level 5 in Dodging
   374 | D        | Reached XP level 7. HP: 11/49 MP: 14/16
   375 | D        | Reached skill level 5 in Fighting
   375 | D        | Reached skill level 10 in Air Magic
   614 | D        | Entered arena 5.
   614 | D        | Found a transporter.
   615 | D        | Reached *** piety under Sif Muna
   818 | D        | Entered arena 6.
   818 | D        | Found a transporter.
   819 | D        | Reached **** piety under Sif Muna
   825 | D        | Reached XP level 8. HP: 49/56 MP: 8/18
   827 | D        | Reached ***** piety under Sif Muna
   889 | D        | Entered arena 7.
   892 | D        | Identified Sif Muna's Almanac of Attacks (Sif Muna gifted
                  | it to you in the Dungeon)
   892 | D        | Received a gift from Sif Muna
   896 | D        | Reached skill level 11 in Air Magic
   909 | D        | Learned a level 6 spell: Conjure Ball Lightning
   909 | D        | Found a transporter.
  1003 | D        | Got the amulet "Cucel" {RegenMP Regen+}
  1108 | D        | Entered arena 8.
  1108 | D        | Noticed a naga mage
  1108 | D        | Noticed a black mamba
  1109 | D        | Found a transporter.
  1116 | D        | Killed a naga mage
  1116 | D        | Slain by an adder

Illustrated notes

Levels and vault maps discovered:
D:        sprint_v [room_start, room_1, room_2, room_3, room_4, room_5, room_6,
          room_7, room_8, room_9, room_10, room_11, room_12, room_13, room_14,
          room_15, room_16, room_17, room_18, room_19, room_20, room_21,
          room_22, room_23, room_24, room_25, room_26, room_27]

Skill      XL: |  1  2  3  4  5  6  7  8 |
---------------+-------------------------+-----
Spellcasting   | 4 5 6 7 |  7.2
Air Magic      | 6 7 8 9 10 11 | 11.2
Fighting       | 1 3 4 5 6 |  6.2
Invocations    | 3 4 5 7 8 9 |  9.7
Dodging        | 3 4 5 6 |  6.7
Stealth        | |  2.6
Conjurations   | |  1.0

Action                   |  1- 3 |  4- 6 |  7- 9 || total
-------------------------+-------+-------+-------++-------
Melee: Staff             |       |       |     7 ||     7
       Tentacles         |       |       |     3 ||     3
       Constrict         |       |       |     2 ||     2
 Cast: Lightning Bolt    |       |     3 |    13 ||    16
Invok: Channel Magic     |       |     1 |     2 ||     3
Evoke: Wand              |     1 |     6 |       ||     7
       Lightning rod     |       |     1 |     1 ||     2
  Use: Potion            |     1 |       |       ||     1
       Scroll            |       |     1 |       ||     1
Armor: Skin              |       |       |     1 ||     1
Dodge: Dodged            |       |     1 |    17 ||    18

Table legend: (Time is in decaauts)
 A = Elapsed time spent in this place.
 B = Non-inter-level travel time spent in this place.
 C = Inter-level travel time spent in this place.
 D = Time resting spent in this place.
 E = Time spent auto-exploring this place.
 F = Levels seen in this place.
 G = Mean time per level.
                   A        B        C        D        E       F      G
               +--------+--------+--------+--------+--------+-----+--------+
         Total |   1115 |   1115 |      0 |    915 |      0 |   1 | 1115.0 |
       Dungeon |   1115 |   1115 |      0 |    915 |      0 |   1 | 1115.0 |
               +--------+--------+--------+--------+--------+-----+--------+

Top non-repeatable levels by time:
       D: 1115 daAuts
